 Dungeon Crawl Stone Soup version 0.31-a0-981-geadf994542 (webtiles) character file.

Game seed: 6190207559419846752

76310 Maratek the Severer (level 15, 0/120 HPs)
             Began as a Demonspawn Fighter on Oct 27, 2023.
             Was the Champion of Qazlal.
             Killed from afar by a starcursed mass (10 damage)
             ... with an accursed screaming
             ... on level 3 of the Abyss on Oct 31, 2023.
             The game lasted 00:53:09 (20972 turns).

Maratek the Severer (Demonspawn Fighter)           Turns: 20972, Time: 00:53:10

Health: 0/120      AC: 35    Str: 28    XL:     15   Next: 12%
Magic:  4/15       EV: 13    Int: 10    God:    Qazlal [******]
Gold:   413        SH: 20    Dex: 13    Spells: 14/14 levels left

rFire   . . .        a - +1 war axe
rCold   + + .        H - +0 kite shield
rNeg    . . .        y - +4 plate armour
rPois   .            (no helmet)
rElec   .            P - +2 cloak
rCorr   .            f - +2 pair of gloves
SInv    .            G - +1 pair of boots
Will    +....        (no amulet) Stlth
                     D - ring "Rusuif" {rC++ EV+5 Str+5 Stlth-}
HPRegen 0.40/turn    h - +4 ring of protection
MPRegen 0.14/turn

%: repel missiles
@: no status effects
A: yellow scales 2, demonic guardian 2, ignite blood 2, demonic touch 2
a: Renounce Religion, Upheaval, Elemental Force, Disaster Area


You were on level 3 of the Abyss.
You worshipped Qazlal.
Qazlal was exalted by your worship.
You visited 4 branches of the dungeon, and saw 22 of its levels.
You visited the Abyss 1 time.
You also visited: Ossuary.

You collected 1946 gold pieces.
You spent 1533 gold pieces at shops.

Inventory:

Hand Weapons
 a - a +1 war axe (weapon)
Missiles
 F - 2 throwing nets
Armour
 f - a +2 pair of gloves (worn)
 y - a +4 plate armour (worn)
 G - a +1 pair of boots (worn)
 H - a +0 kite shield (worn)
 P - a +2 cloak (worn)
Jewellery
 g - a ring of see invisible
 h - a +4 ring of protection (right hand)
 m - a ring of willpower
 q - a +5 ring of evasion
 D - the ring "Rusuif" (left hand) {rC++ EV+5 Str+5 Stlth-}
   (You bought it in a shop on level 2 of the Dungeon)

   [ring of evasion]

   EV+5:      It affects your evasion (+5).
   Str+5:     It affects your strength (+5).
   rC++:      It greatly protects you from cold.
   Stlth-:    It makes you less stealthy.
 E - an amulet of guardian spirit
 K - an amulet of regeneration
 L - a +5 ring of evasion
 M - a ring of poison resistance
Wands
 i - a wand of charming (23)
 n - a wand of light (7)
 t - a wand of roots (20)
 A - a wand of flame (11)
Scrolls
 b - 3 scrolls of poison
 o - 5 scrolls of teleportation
 p - 5 scrolls of amnesia
 u - a scroll of revelation
 w - a scroll of immolation
 x - a scroll of identify
 B - a scroll of silence
 C - 2 scrolls of fog
Potions
 d - 2 potions of might
 e - 18 potions of curing
 j - 5 potions of lignification
 k - 2 potions of cancellation
 l - a potion of enlightenment
 r - 3 potions of brilliance
 v - 7 potions of attraction
 z - 2 potions of magic
 J - a potion of degeneration
Miscellaneous
 N - a lightning rod (1/4)


   Skills:
 + Level 12.0 Fighting
 + Level 15.9 Axes
 + Level 10.3 Armour
 + Level 4.1 Dodging
 + Level 2.4 Stealth
 + Level 12.6 Shields
 + Level 1.6 Evocations


You had 14 spell levels left.
You didn't know any spells.
Your spell library contained the following spells:

 Spells                   Type           Power      Damage    Failure   Level
 Slow                     Hex            0%         N/A       99%         1
 Poisonous Vapours        Pois/Air       0%         N/A       100%        2
 Sublimation of Blood     Necr           0%         N/A       100%        2
 Wereblood                Tmut           0%         N/A       100%        2
 Confusing Touch          Hex            0%         N/A       100%        3
 Mephitic Cloud           Conj/Pois/Air  0%         N/A       100%        3
 Sigil of Binding         Hex            0%         N/A       100%        3
 Tukima's Dance           Hex            0%         N/A       100%        3
 Vampiric Draining        Necr           0%         2d6       100%        3
 Cause Fear               Hex            0%         N/A       100%        4
 Dimensional Bullseye     Hex/Tloc       0%         N/A       100%        4
 Iskenderun's Mystic Bla  Conj/Tloc      0%         2d3       100%        4
 Petrify                  Tmut/Erth      0%         N/A       100%        4
 Fireball                 Conj/Fire      0%         3d3       100%        5
 Freezing Cloud           Conj/Ice/Air   0%         6-21      100%        5
 Irradiate                Conj/Tmut      0%         3d11      100%        5
 Dragon's Call            Summ           0%         N/A       100%        9


Dungeon Overview and Level Annotations

Branches:
Dungeon (14/15)            Temple (1/1) D:4            Lair (5/5) D:10
 Shoals (0/4) Lair:3       Spider (0/4) Lair:2          Orc (2/2) D:12
    Elf (0/3) Orc:2       Ossuary (visited)
  Slime: Lair:4-5    Vaults: D:13-14

Altars:
Ashenzari
Cheibriados
Dithmenos
Fedhas
Gozag
Hepliaklqana
Kikubaaqudgha
Makhleb
Nemelex Xobeh
Okawaru
Qazlal
Ru
Sif Muna
Trog
Uskayaw
Vehumet
Wu Jian
Xom
Yredelemnul
Jiyva

Shops:
D:2 !==?   D:5 (   D:10 :   Orc:2 *?*[:(

Portals:
Trove: D:13 (give 5 scrolls of fear)

Annotations:
D:4 1 runed translucent door, Crazy Yiuf
D:12 1 runed translucent door, Maratek's ghost, journeyman GrEE
Lair:2 3 runed translucent doors, decrepitude's ghost, journeyman GnSh
Lair:4 exclusion: oklob plant


Innate Abilities, Weirdness & Mutations

You are mostly covered in yellow scales. (AC +3)
A demonic guardian rushes to your aid.
Your demonic aura often causes spilled blood to erupt in flames.
Your touch may inflict irresistible damage on your foes.


Message History

The starcursed mass shudders and withdraws towards its neighbour.
You block the ufetubus's attack. The ufetubus closely misses you.
You continue taking off your amulet of guardian spirit.
You block the ufetubus's attack. The ufetubus barely misses you.
A starcursed mass splits.
A deafening chorus of shrieks assaults your mind!
* * * LOW HITPOINT WARNING * * *
A demonic guardian appears!
You continue taking off your amulet of guardian spirit.
You block the ufetubus's attack. x2
The starcursed mass is engulfed in blazing flames.
The starcursed mass shudders and is absorbed by its neighbour.
The ufetubus hits you but does no damage. x2
A chorus of shrieks assaults your mind.
* * * LOW HITPOINT WARNING * * *
A starcursed mass splits.
Your soul eater hits the starcursed mass!
You finish taking off your amulet of guardian spirit.
A small abomination comes into view.
Your soul eater hits the ufetubus.
Your soul eater writhes in pain as voices assail its mind.
A starcursed mass splits.
The starcursed mass is engulfed in blazing flames.
A starcursed mass splits.
The starcursed mass shudders and is absorbed by its neighbour.
You block the ufetubus's attack. The ufetubus closely misses you.
Your soul eater completely misses the ufetubus.
The starcursed mass touches your soul eater but does no damage.
Your soul eater hits the ufetubus!
The ufetubus dies!
Qazlal accepts your kill.
A starcursed mass splits.
Your soul eater writhes in pain as voices assail its mind.
The starcursed mass touches your soul eater.
Your soul eater hits the starcursed mass!!
The starcursed mass is destroyed!
Qazlal accepts your kill.
The starcursed mass misses your soul eater.
A deafening chorus of shrieks assaults your mind!
You die...

.## .## # .# . ...
#..... ..
..##.......## .#.###
..........#....
#.....####... ..#...
...
#..☼○.##°#......#....
#..@..X.#....#....#
#......☼.○.X○X.#.....#
#..........3X##..#...#
#########....X.. .##.#
###.......# #
....#.##...#
........##. ##
....##.......# ....
...# #..#


You could see 5 starcursed masses and a friendly soul eater (summoned).

Vanquished Creatures
  The ghost of Gruesome the Martial Artist, a journeyman OpSh of Qazlal (Orc:2)
  An orc warlord (Orc:2)
  Josephine (Lair:3)
  7 hydras
  4 boulder beetles
  A centaur warrior (D:13)
  3 two-headed ogres
  A catoblepas (Lair:4)
  3 death yaks (Lair:4)
  4 orc high priests (Orc:2)
  A sun demon (Abyss:2)
  Pikel (D:8)
  3 orc knights (Orc:2)
  A harpy (Lair:3)
  A harpy (shapeshifter) (D:14)
  2 deep elf pyromancers
  4 orc sorcerers (Orc:2)
  A cyclops (D:12)
  A manticore (D:11)
  25 elephants
  8 black mambas
  2 gargoyles
  8 cane toads
  Maggie (D:7)
  3 kobold demonologists (D:11)
  An efreet (D:13)
  9 komodo dragons
  2 unseen horrors (D:12)
  5 rime drakes
  4 trolls
  3 polar bears
  23 blink frogs
  2 hornets
  Grinder (D:6)
  4 slime creatures (D:12)
  42 yaks
  Sigmund (D:4)
  2 shadows (D:11)
  3 wraiths (Lair:3)
  2 ynoxinuls (Abyss:2)
  2 vampires
  Eustachio (D:4)
  15 wyverns
  8 basilisks
  2 steam dragons
  2 large abominations (Abyss:2)
  2 redbacks (Lair:2)
  A chaos spawn (Abyss:2)
  A warg (Orc:1)
  9 vampire mosquitoes
  Menkaure (D:5)
  4 acid dragons
  21 water moccasins
  2 black bears
  4 ice beasts
  22 orc warriors
  6 ogres
  3 sky beasts
  13 wolves
  4 centaurs
  A phantom (D:5)
  3 lemures (D:8)
  7 kobold brigands
  8 bullfrogs
  2 gnoll sergeants
  4 scorpions
  13 wights
  6 water moccasin zombies (Ossuary)
  A small abomination (Abyss:2)
  10 killer bees
  6 howler monkeys
  A quasit (Abyss:2)
  3 hounds
  3 jellies
  15 orc priests
  2 starcursed masses (Abyss:2)
  3 gnoll boudas
  5 iguanas
  4 hell rats (Lair:3)
  27 orc wizards
  2 mummies (Ossuary)
  20 gnolls
  12 adders
  2 shadow imps
  A white imp (D:7)
  3 ufetubi
  3 adder zombies (Ossuary)
  7 worms
  4 dart slugs
  69 orcs
  7 endoplasms
  3 giant cockroaches
  8 goblins
  6 hobgoblins
  5 jackals
  30 kobolds
  3 quokkas
  7 ball pythons
  2 bats
  6 gnoll zombies (Ossuary)
  A hobgoblin zombie (Ossuary)
  7 kobold zombies (Ossuary)
  6 orc zombies (Ossuary)
  7 rats
  3 butterflies (Lair:1)
663 creatures vanquished.

Vanquished Creatures (collateral kills)
  A boulder beetle (D:12)
  A rime drake (Lair:1)
  A cane toad (Lair:1)
  A komodo dragon (Lair:1)
  4 yaks
  3 water moccasins
  An orc warrior (Orc:2)
  A wolf (Lair:2)
  A jelly (D:5)
  4 starcursed masses
  2 hell rats (Lair:3)
  An ufetubus (Abyss:3)
21 creatures vanquished.

Vanquished Creatures (others)
  A vampire mosquito (D:12)
  An orc (Orc:2)
2 creatures vanquished.

Grand Total: 686 creatures vanquished

Notes
Turn   | Place    | Note
-------+----------+-------------------------------------------
     0 | D:1      | Maratek the Demonspawn Fighter began the quest for the Orb.
     0 | D:1      | Reached XP level 1. HP: 18/18 MP: 1/1
   106 | D:1      | Reached skill level 2 in Axes
   106 | D:1      | Gained mutation: You are partially covered in yellow
                  | scales. (AC +2) [demonic ancestry]
   106 | D:1      | Reached XP level 2. HP: 24/24 MP: 2/2
   878 | D:2      | Found Ommiul's Jewellery Emporium.
   898 | D:2      | Gained mutation: Your demonic aura sometimes causes spilled
                  | blood to erupt in flames. [demonic ancestry]
   898 | D:2      | Reached XP level 3. HP: 28/29 MP: 3/3
  1003 | D:2      | Found Weestrer's Jewellery Shop.
  1379 | D:2      | Found Kudaaf's Magic Scroll Shop.
  1524 | D:2      | Reached skill level 3 in Axes
  1536 | D:2      | Found Lepsan's Distillery.
  1602 | D:3      | Gained mutation: Your demonic aura often causes spilled
                  | blood to erupt in flames. [demonic ancestry]
  1602 | D:3      | Reached XP level 4. HP: 35/35 MP: 4/4
  1637 | D:3      | Reached skill level 1 in Dodging
  1814 | D:3      | Gained mutation: Your touch may inflict minor irresistible
                  | damage on your foes. [demonic ancestry]
  1814 | D:3      | Reached XP level 5. HP: 41/41 MP: 5/5
  1895 | D:3      | Reached skill level 4 in Axes
  2051 | D:3      | Found a radiant altar of Vehumet.
  2286 | D:4      | Found a staircase to the Ecumenical Temple.
  2317 | Temple   | Entered the Ecumenical Temple
  2324 | Temple   | Became a worshipper of Qazlal Stormbringer
  2352 | D:4      | Noticed Sigmund
  2354 | D:4      | Noticed a sky beast
  2364 | D:4      | Killed a sky beast
  2365 | D:4      | Gained mutation: A weak demonic guardian rushes to your
                  | aid. [demonic ancestry]
  2365 | D:4      | Reached XP level 6. HP: 34/48 MP: 6/6
  2368 | D:4      | Killed Sigmund
  2369 | D:4      | Reached skill level 5 in Axes
  2504 | D:4      | Found a shimmering altar of Xom.
  2555 | D:4      | Found an opulent altar of Gozag.
  2679 | D:4      | Noticed Eustachio
  2686 | D:4      | Gained mutation: You are mostly covered in yellow scales.
                  | (AC +3) [demonic ancestry]
  2686 | D:4      | Reached XP level 7. HP: 54/54 MP: 7/7
  2748 | D:4      | Killed Eustachio
  3082 | D:4      | Found a runed translucent door.
  3083 | D:4      | Noticed Crazy Yiuf
  3323 | D:5      | Entered Level 5 of the Dungeon
  3323 | D:5      | Found Loam's Antique Weapon Shop.
  3346 | D:5      | Noticed Menkaure
  3355 | D:5      | Killed Menkaure
  3356 | D:5      | Reached skill level 6 in Axes
  3356 | D:5      | Found a burning altar of Makhleb.
  3668 | D:5      | Reached * piety under Qazlal
  3741 | D:5      | Found a sand-covered staircase.
  3819 | Ossuary  | Entered an ossuary
  3842 | Ossuary  | Reached XP level 8. HP: 61/61 MP: 8/8
  4062 | Ossuary  | Reached skill level 7 in Axes
  4121 | Ossuary  | Reached ** piety under Qazlal
  4200 | D:5      | Found a broken altar of Ashenzari.
  4200 | D:5      | Found an iron altar of Okawaru.
  4666 | D:6      | Reached skill level 5 in Fighting
  4827 | D:6      | Noticed Grinder
  4865 | D:6      | Killed Grinder
  4866 | D:6      | Reached skill level 8 in Axes
  4866 | D:6      | Reached XP level 9. HP: 46/68 MP: 9/9
  5052 | D:6      | Reached skill level 5 in Armour
  5397 | D:7      | Noticed Maggie
  5404 | D:7      | Killed Maggie
  5412 | D:8      | Noticed Pikel
  5423 | D:8      | Killed Pikel
  5424 | D:8      | Reached skill level 5 in Shields
  5428 | D:8      | Reached skill level 9 in Axes
  5733 | D:8      | Reached *** piety under Qazlal
  5967 | D:7      | Reached XP level 10. HP: 54/76 MP: 10/10
  7206 | D:8      | Reached skill level 10 in Axes
  7417 | D:9      | Reached **** piety under Qazlal
  7788 | D:9      | Found an ornate altar of the Wu Jian Council.
  7981 | D:9      | Found a sacrificial altar of Ru.
  7982 | D:9      | Found a basalt altar of Yredelemnul.
  8032 | D:10     | Entered Level 10 of the Dungeon
  8252 | D:10     | Found a staircase to the Lair.
  8272 | D:10     | Reached XP level 11. HP: 68/84 MP: 11/11
  8347 | D:10     | Noticed a two-headed ogre
  8373 | D:10     | Killed a two-headed ogre
  8603 | D:10     | Reached ***** piety under Qazlal
  8678 | D:10     | Reached skill level 11 in Axes
  8711 | D:10     | Identified the +1 leather armour of Honour {Rampage Dex+3}
  8762 | D:10     | Found Upeujeimn's Book Emporium.
  9182 | D:11     | Noticed a two-headed ogre
  9217 | D:11     | Killed a two-headed ogre
  9415 | D:11     | Noticed a sixfirhy
  9837 | D:2      | Bought an amulet of guardian spirit for 390 gold pieces
 10248 | D:11     | Noticed a boulder beetle
 10318 | D:11     | Killed a boulder beetle
 10682 | D:12     | Noticed a two-headed ogre
 10688 | D:11     | Killed a two-headed ogre
 10725 | D:12     | Gained mutation: A demonic guardian rushes to your aid.
                  | [demonic ancestry]
 10725 | D:12     | Reached XP level 12. HP: 90/94 MP: 10/12
 10740 | D:12     | Reached skill level 12 in Axes
 10771 | D:12     | Found a staircase to the Orcish Mines.
 10830 | D:12     | Noticed a boulder beetle
 10859 | D:12     | Killed a boulder beetle
 10918 | D:12     | Noticed a boulder beetle
 10949 | D:12     | Killed a boulder beetle
 11277 | D:12     | Found a runed translucent door.
 11277 | D:12     | Noticed a boulder beetle
 11410 | D:12     | Noticed Maratek's ghost (journeyman GrEE)
 11763 | D:13     | Noticed a centaur warrior
 11775 | D:13     | Killed a centaur warrior
 11776 | D:13     | Reached skill level 1 in Stealth
 12087 | D:13     | Noticed a six-headed hydra
 12095 | D:13     | Killed an 11-headed hydra
 12382 | D:13     | Found a portal to a secret trove of treasure.
 12561 | D:14     | Identified the "Vefok"
 12569 | D:14     | Noticed a demonic crawler
 12711 | Lair:1   | Entered Level 1 of the Lair of Beasts
 12726 | Lair:1   | Reached skill level 13 in Axes
 12750 | Lair:1   | Reached skill level 10 in Shields
 13170 | Lair:1   | Reached XP level 13. HP: 92/101 MP: 13/13
 13811 | Lair:2   | Found a runed translucent gate.
 13812 | Lair:2   | Found a runed translucent gate.
 13813 | Lair:2   | Found a runed translucent gate.
 13813 | Lair:2   | Noticed decrepitude's ghost (journeyman GnSh)
 14011 | Lair:2   | Reached skill level 10 in Fighting
 14011 | Lair:2   | Reached ****** piety under Qazlal
 14013 | Lair:2   | Reached skill level 1 in Evocations
 14255 | Lair:2   | Reached skill level 14 in Axes
 14350 | Lair:2   | Found a hole to the Spider Nest.
 15304 | Lair:3   | Found a staircase to the Shoals.
 15317 | Lair:3   | Noticed Josephine
 15339 | Lair:3   | Killed Josephine
 16170 | Lair:4   | Identified the +7 orcbow of Dust {freeze, rPois rN+ rCorr}
 16325 | Lair:4   | Gained mutation: Your touch may inflict irresistible damage
                  | on your foes. [demonic ancestry]
 16325 | Lair:4   | Reached XP level 14. HP: 111/111 MP: 14/14
 16453 | Lair:4   | Found a viscous altar of Jiyva.
 17389 | Lair:5   | Entered Level 5 of the Lair of Beasts
 17406 | Lair:5   | Reached skill level 15 in Axes
 17674 | Lair:5   | Reached skill level 10 in Armour
 18587 | D:2      | Bought the ring "Rusuif" {rC++ EV+5 Str+5 Stlth-} for 696
                  | gold pieces
 18591 | D:2      | Upgraded the game from 0.31-a0-968-g24f9ace8b5 to
                  | 0.31-a0-981-geadf994542
 18802 | Orc:1    | Entered Level 1 of the Orcish Mines
 19030 | Orc:2    | Entered Level 2 of the Orcish Mines
 19037 | Orc:2    | Paralysed by an orc sorcerer for 3 turns
 19776 | Orc:2    | Paralysed by an orc sorcerer for 5 turns
 19796 | Orc:2    | Noticed an orc warlord
 19816 | Orc:2    | Killed an orc warlord
 19820 | Orc:2    | Reached XP level 15. HP: 63/120 MP: 9/15
 20014 | Orc:2    | Found a radiant altar of Vehumet.
 20047 | Orc:2    | Found Etasm's Magic Scroll Boutique.
 20080 | Orc:2    | Found Piummaek's Assorted Antiques.
 20128 | Orc:2    | Found a runed translucent gate.
 20130 | Orc:2    | Found a runed translucent gate.
 20132 | Orc:2    | Noticed Gruesome's ghost (journeyman OpSh)
 20133 | Orc:2    | Found a runed translucent gate.
 20165 | Orc:2    | Found a staircase to the Elven Halls.
 20221 | Orc:2    | Found Ykhyonn's Antique Armour Shoppe.
 20222 | Orc:2    | Found Ovvus's Antique Weapon Emporium.
 20224 | Orc:2    | Found Hujant's General Store.
 20224 | Orc:2    | Found Fennic's Book Shoppe.
 20229 | Orc:2    | Bought a +1 pair of boots for 138 gold pieces
 20234 | Orc:2    | Bought a +0 cloak for 54 gold pieces
 20249 | Orc:2    | Bought a glowing cloak for 255 gold pieces
 20532 | Orc:2    | Killed Gruesome's ghost
 20754 | Abyss:2  | Cast into level 2 of the Abyss (skeletal warrior)
 20853 | Abyss:2  | Noticed a bone dragon
 20874 | Abyss:2  | Paralysed by accursed screaming for 1 turns
 20884 | Abyss:2  | Paralysed by accursed screaming for 2 turns
 20890 | Abyss:2  | Paralysed by accursed screaming for 1 turns
 20897 | Abyss:2  | Paralysed by accursed screaming for 1 turns
 20904 | Abyss:2  | Paralysed by accursed screaming for 1 turns
 20926 | Abyss:2  | Found a corrupted altar of Lugonu.
 20931 | Abyss:2  | Found a corrupted altar of Lugonu.
 20931 | Abyss:2  | Found a corrupted altar of Lugonu.
 20972 | Abyss:3  | Killed from afar by a starcursed mass

Illustrated notes

Levels and vault maps discovered:
D:1:      dpeg_arrival_boxorama, layout_basic, serial_bayou_crossing
D:2:      layout_loops_cross, serial_shops, shop_scrolls, shop, shop,
          nicolae_shop_trees
D:3:      layout_basic, mainiacjoe_overflow_tiny_flanked, nicolae_wormholes
D:4:      layout_basic, xom_teletrap_fun,
          nicolae_gozag_cash_rules_everything_around_me,
          minmay_temple_entry_purple_smoke, uniq_sigmund,
          uniq_crazy_yiuf_cottage, uniq_eustachio
D:5:      layout_cave_pools, mainiacjoe_overflow_divided_tiny,
          mainiacjoe_overflow_catwalk, serial_shops, nicolae_shop_stone,
          enter_ossuary_5, uniq_menkaure
D:6:      layout_basic, uniq_grinder
D:7:      layout_loops_ring, uniq_maggie
D:8:      minmay_spotlight, layout_basic, uniq_pikel
D:9:      layout_rooms, nzn_wu_jian_contemplation,
          gammafunk_temple_overflow_statue
D:10:     layout_irregular_city, minmay_lair_entry_grove, serial_shops, shop
D:11:     layout_rooms
D:12:     layout_cross, ebering_ghost_inner_flame
D:13:     layout_roguey, enter_trove_3, minivault_16
D:14:     cheibrodos_hippocracy, layout_basic, david_vaults_5, minivault_20
Temple:   cyrus_circular_temple
Lair:1:   layout_small_grid, fungi_pond_lemuel, lemuel_fruit_fields,
          lemuel_fruit_fields
Lair:2:   layout_hall_layers, spider_nest_entry_webs, gammafunk_ghost_split
Lair:3:   layout_regular_city, nicolae_shoals_entry_roost, uniq_josephine
Lair:4:   layout_concentric_octagons, minmay_slime_entry_oklob_enclosed,
          grunt_megastairs_4
Lair:5:   hangedman_lair_tendril_chambers, layout_gridlike,
          guppyfry_lair_end_dragon
Orc:1:    layout_diamond_mine
Orc:2:    st_orc_congregation, layout_caves, basic_altar, serial_shops,
          nicolae_shop_hallway_plus, shop, ebering_ghost_rock_garden
Abyss:3:  base: D:3, evilmike_abyss_exit_12, guppyfry_abyss_exit_spiral_guarded

Skill      XL: |  1  2  3  4  5  6  7  8  9 10 11 12 13 14 15 |
---------------+----------------------------------------------+-----
Axes           | 2 3 4 5 6 8 9 10 11 13 14 15 | 15.9
Shields        | 3 4 5 7 8 10 11 12 | 12.6
Dodging        | 1 2 3 4 |  4.1
Armour         | 3 4 6 7 8 9 10 | 10.3
Fighting       | 4 5 6 7 8 9 10 11 12 | 12.0
Stealth        | 1 2 |  2.4
Evocations     | 1 |  1.6

Action                     |  1- 3 |  4- 6 |  7- 9 | 10-12 | 13-15 || total
---------------------------+-------+-------+-------+-------+-------++-------
  Melee: War axe           |    91 |    99 |   452 |   678 |   800 ||  2120
         Touch             |       |       |       |       |     1 ||     1
  Evoke: Wand              |       |       |     1 |       |       ||     1
         Lightning rod     |       |       |       |       |     8 ||     8
    Use: Scroll            |     5 |     3 |     8 |    13 |     3 ||    32
         Potion            |       |       |     3 |    12 |     9 ||    24
   Stab: Distracted        |       |       |       |     2 |       ||     2
 Armour: Scale mail        |    69 |    77 |   245 |       |       ||   391
         Plate armour      |       |       |    98 |   615 |   515 ||  1228
  Dodge: Dodged            |    42 |    61 |   187 |   227 |   170 ||   687
         Repelled          |       |       |       |     1 |     4 ||     5
  Block: Buckler           |    22 |    31 |   200 |   530 |       ||   783
         Kite shield       |       |       |       |       |   734 ||   734

Table legend: (Time is in decaauts)
 A = Elapsed time spent in this place.
 B = Non-inter-level travel time spent in this place.
 C = Inter-level travel time spent in this place.
 D = Time resting spent in this place.
 E = Time spent auto-exploring this place.
 F = Levels seen in this place.
 G = Mean time per level.
                   A        B        C        D        E       F      G
               +--------+--------+--------+--------+--------+-----+--------+
         Total |  20846 |  18705 |   2141 |   1655 |  13024 |  25 |  833.8 |
       Dungeon |  13237 |  11408 |   1829 |   1045 |   8060 |  14 |  945.5 |
        Temple |     14 |      2 |     12 |      0 |      0 |   1 |   14.0 |
          Lair |   5208 |   5049 |    159 |    324 |   3796 |   5 | 1041.6 |
  Orcish Mines |   1817 |   1677 |    140 |    272 |    967 |   2 |  908.5 |
         Abyss |    191 |    191 |      0 |     13 |      0 |   2 |   95.5 |
       Ossuary |    376 |    376 |      0 |      0 |    200 |   1 |  376.0 |
               +--------+--------+--------+--------+--------+-----+--------+

Top non-repeatable levels by time:
    D:10: 1578 daAuts
  Lair:4: 1436 daAuts
   Orc:2: 1271 daAuts
    D:13: 1191 daAuts
     D:6: 1146 daAuts
     D:7: 1120 daAuts
     D:4: 1120 daAuts
  Lair:3: 1110 daAuts
    D:11: 1058 daAuts
  Lair:2: 1044 daAuts
     D:8: 959 daAuts
     D:2: 928 daAuts
     D:1: 899 daAuts
     D:3: 889 daAuts
     D:5: 864 daAuts
